Map: Eternal Empire LE

Players

Woogie - Winner!

  • Race: Protoss Protoss
  • League: Diamond
  • Spawn Location: 1:00

Zanven

  • Race: Zerg Zerg
  • Spawn Location: 7:00

VOD

Have the link to the VOD?

Description

Time

  • Played on: April 18, 2020, 10:43 a.m.
  • Length: 19:21
Show
View Real Time Build Order
Export as new Build Order

Woogie Protoss - Winner!

Build Orders: Carriers 

Get SALT Encoding   

  12  0:00  Probe  
  13  0:13  Probe  
  14  0:20  Pylon  
  14  0:25  Probe  
  15  0:40  Gateway  
  16  0:42  Probe (Chrono Boost)  
  16  0:49  Assimilator  
  16  0:52  Probe (Chrono Boost)  
  17  0:57  Probe (Chrono Boost)  
  18  1:14  Forge  
  18  1:16  Probe  
  19  1:23  Pylon  
  19  1:28  Probe  
  20  1:34  Assimilator  
  20  1:40  Probe  
  21  1:49  Photon Cannon  
  21  1:51  Photon Cannon  
  21  2:02  Cybernetics Core  
  21  2:05  Probe  
  22  2:17  Probe  
  23  2:29  Probe  
  24  2:32  Pylon  
  24  2:35  Stalker (Chrono Boost)  
  25  2:54  Nexus  
  25  3:08  Stalker  
  27  3:13  Stargate  
  27  3:21  Probe  
  28  3:29  Pylon  
  28  3:34  Probe  
  29  3:39  Sentry  
  31  3:47  Protoss Air Weapons Level 1, Probe  
  32  3:55  Void Ray (Chrono Boost)  
  32  3:59  Probe  
  37  4:07  Assimilator  
  37  4:10  Probe (Chrono Boost)  
  37  4:11  Probe (Chrono Boost)  
  41  4:17  Sentry  
  41  4:22  Probe x2 (Chrono Boost)  
  43  4:31  Void Ray  
  43  4:33  Probe  
  43  4:34  Probe  
  49  4:50  Probe x2  
  51  4:57  Fleet Beacon  
  51  5:02  Probe x2  
  53  5:16  Oracle (Chrono Boost)  
  56  5:24  Stalker  
  56  5:27  Probe x2  
  60  5:29  Assimilator  
  60  5:38  Photon Cannon  
  60  5:39  Shield Battery, Probe x2  
  62  5:43  Photon Cannon  
  62  5:45  Pylon  
  62  5:56  Pylon  
  62  5:58  Pylon  
  62  6:02  Pylon  
  62  6:08  Unknown  
  62  6:13  Void Ray (Chrono Boost)  
  62  6:14  Stalker, Probe x2  
  70  6:26  Probe x2  
  72  6:47  Probe x2  
  72  6:49  Stalker  
  72  6:52  Void Ray  
  80  6:57  Stargate  
  80  6:58  Stargate  
  80  7:08  Protoss Shields Level 1  
  80  7:12  Nexus  
  80  7:17  Pylon  
  80  7:19  Pylon  
  80  7:22  Pylon  
  80  7:26  Protoss Air Armor Level 1  
  80  7:35  Probe x2  
  80  7:36  Void Ray  
  86  7:41  Assimilator  
  86  7:44  Assimilator  
  86  7:46  Twilight Council  
  86  7:49  Gateway  
  86  7:50  Probe  
  86  7:51  Gateway, Probe  
  88  7:57  Stalker  
  90  8:03  Probe x2  
  92  8:18  Probe x2  
  100  8:31  Carrier (Chrono Boost)  
  100  8:39  Probe x2  
  100  8:41  Probe  
  103  8:51  Gateway, Probe x2  
  103  8:52  Gateway  
  103  8:53  Probe  
  103  8:54  Gateway  
  106  8:56  Photon Cannon  
  106  8:58  Photon Cannon  
  106  9:00  Photon Cannon  
  106  9:03  Probe x2  
  106  9:05  Carrier (Chrono Boost)  
  106  9:09  Protoss Shields Level 2 (Chrono Boost)  
  114  9:22  Protoss Air Weapons Level 2 (Chrono Boost)  
  114  9:24  Carrier  
  120  9:40  Pylon  
  120  9:41  Pylon  
  120  9:45  Pylon  
  120  9:50  Pylon  
  120  9:53  Pylon  
  120  9:56  Carrier (Chrono Boost)  
  120  9:58  Cybernetics Core  
  136  10:16  Carrier (Chrono Boost)  
  136  10:17  Charge  
  132  10:21  Zealot  
  132  10:22  Zealot x2  
  132  10:24  Zealot x3  
  140  10:32  Carrier (Chrono Boost)  
  146  10:49  Carrier (Chrono Boost)  
  149  11:15  Warp Gate  
  149  11:17  Carrier (Chrono Boost)  
  155  11:25  Carrier (Chrono Boost)  
  161  11:36  Nexus  
  161  11:37  Protoss Ground Armor Level 1  
  161  11:41  Pylon  
  161  11:44  Pylon  
  161  11:47  Pylon  
  161  11:51  Pylon  
  161  11:59  Protoss Air Weapons Level 3  
  161  12:00  Mothership  
  169  12:10  Zealot x2  
  169  12:11  Zealot, Assimilator  
  169  12:12  Zealot x3  
  169  12:15  Assimilator  
  181  12:27  Carrier x2  
  193  12:34  Pylon  
  193  12:45  Templar Archives  
  199  12:54  Probe  
  190  13:49  Void Ray x3 (Chrono Boost)  
  180  14:07  Zealot x6  
  178  14:18  Protoss Shields Level 3  
  172  14:25  Void Ray x3  
  178  14:37  Protoss Air Armor Level 2  
  150  14:51  Stalker x2  
  150  14:52  Stalker x4  
  142  15:09  Pylon  
  142  15:11  Pylon  
  142  15:12  Void Ray x3 (Chrono Boost)  
  154  15:33  Zealot x4  
  154  15:34  Zealot x2  
  166  15:48  Robotics Facility  
  166  15:54  Void Ray x3  
  178  16:38  Void Ray (Chrono Boost)  
  178  16:39  Void Ray x2 (Chrono Boost)  
  160  17:13  Void Ray x3 (Chrono Boost)  
  172  17:15  Zealot  
  172  17:16  Zealot x5  
  184  17:35  Pylon  
  184  17:39  Gateway  
  184  17:40  Gateway  
  184  17:42  Gateway  
  184  17:45  Gateway  
  184  17:48  Photon Cannon  
  184  17:49  Photon Cannon  
  184  17:53  Photon Cannon  
  184  17:58  Photon Cannon  
  184  17:59  Shield Battery  
  184  18:02  Shield Battery  
  184  18:04  Shield Battery  
  184  18:07  Shield Battery, Nexus  
  184  18:29  Assimilator  
  184  18:33  Assimilator  
  184  18:52  Observer  
  184  18:53  Assimilator  
  184  18:54  Nexus  
  184  18:55  Robotics Bay  
  184  18:57  Assimilator  
Show
View Real Time Build Order
Export as new Build Order

Zanven Zerg 

Build Orders: Hatch First 

Get SALT Encoding   

  12  0:02  Drone  
  13  0:12  Overlord  
  13  0:17  Drone  
  14  0:30  Drone x2  
  16  0:52  Hatchery  
  16  0:53  Drone  
  16  0:56  Drone  
  17  1:07  Drone  
  17  1:08  Drone  
  17  1:11  Extractor  
  18  1:26  Spawning Pool  
  18  1:28  Drone  
  18  1:35  Drone  
  19  1:55  Drone, Hatchery  
  19  2:07  Drone  
  20  2:15  Queen  
  22  2:19  Zergling x4  
  24  2:22  Extractor  
  23  2:30  Metabolic Boost  
  25  2:53  Drone x3, Roach Warren  
  25  2:54  Drone  
  26  3:12  Queen  
  26  3:18  Overlord x3  
  28  3:38  Roach x4  
  36  3:50  Drone  
  36  3:54  Drone  
  36  3:55  Drone x3  
  41  4:02  Ravager x2  
  44  4:03  Ravager  
  44  4:05  Overlord  
  44  4:19  Overlord  
  44  4:20  Overlord  
  44  4:25  Drone x4  
  48  4:31  Ravager  
  48  4:37  Drone x3  
  48  4:38  Drone  
  53  4:43  Roach  
  55  4:53  Roach x2  
  58  5:06  Roach x5  
  67  5:11  Spore Crawler  
  66  5:17  Spore Crawler  
  65  5:23  Ravager x2  
  65  5:26  Drone  
  68  5:30  Overlord  
  68  5:40  Hatchery  
  65  5:57  Drone x4  
  65  5:58  Drone x8, Extractor  
  76  6:15  Hatchery  
  75  6:26  Queen, Extractor  
  76  6:38  Overlord x2  
  76  6:39  Overlord  
  76  6:45  Evolution Chamber  
  75  6:48  Queen  
  75  6:49  Evolution Chamber  
  76  7:02  Spore Crawler  
  76  7:07  Lair  
  75  7:32  Drone x3  
  78  7:41  Zerg Ground Armor Level 1, Zerg Missile Weapons Level 1  
  78  7:47  Drone x5, Spore Crawler  
  78  7:48  Drone, Spore Crawler  
  82  7:51  Queen  
  82  7:53  Drone x6  
  90  8:04  Zergling x2  
  91  8:06  Zergling x2  
  92  8:21  Roach  
  92  8:23  Roach  
  92  8:26  Roach  
  97  8:34  Hydralisk Den  
  96  8:43  Extractor  
  96  8:45  Drone x10  
  96  8:46  Drone  
  105  8:56  Baneling Nest  
  105  9:01  Drone x2  
  106  9:04  Extractor, Overlord x3  
  106  9:05  Overlord  
  106  9:06  Overseer  
  106  9:07  Overseer x4  
  105  9:22  Overlord x2  
  105  9:24  Hydralisk x10  
  105  9:29  Pneumatized Carapace  
  123  9:47  Hydralisk x10  
  143  9:54  Zerg Missile Weapons Level 2  
  143  9:56  Zerg Ground Armor Level 2  
  143  9:59  Muscular Augments  
  143  10:31  Roach x5  
  143  10:33  Hatchery  
  152  10:45  Roach  
  152  10:48  Overlord x4  
  154  10:52  Hatchery  
  153  11:00  Overlord x4  
  151  11:09  Spire, Infestation Pit  
  149  11:11  Spire  
  148  11:24  Overlord x2  
  148  11:25  Overlord  
  148  11:30  Overseer  
  148  11:31  Overseer x2  
  149  11:52  Hatchery  
  148  12:08  Spore Crawler x2  
  147  12:12  Spore Crawler  
  147  12:13  Drone x16  
  147  12:14  Spore Crawler  
  160  12:16  Spore Crawler  
  160  12:19  Hive  
  160  12:22  Grooved Spines  
  159  12:24  Zerg Flyer Armor Level 1, Zerg Flyer Weapons Level 1  
  159  12:46  Corruptor  
  159  12:47  Corruptor x5  
  171  12:56  Corruptor x3  
  177  13:08  Corruptor x5  
  175  13:49  Corruptor  
  175  13:50  Corruptor x8  
  189  13:57  Drone  
  189  13:58  Drone x2  
  189  14:08  Corruptor x2  
  192  14:11  Queen  
  188  14:30  Spine Crawler  
  188  14:31  Spine Crawler  
  186  14:36  Spine Crawler  
  136  14:54  Corruptor  
  136  14:55  Corruptor x6  
  138  15:03  Queen  
  138  15:23  Hatchery  
  138  15:27  Extractor  
  134  15:37  Corruptor x4  
  138  15:55  Corruptor x2  
  143  16:04  Drone x14  
  156  16:19  Corruptor x2  
  132  16:56  Corruptor x3  
  110  17:05  Corruptor  
  91  17:10  Zergling x28  
Tags
 
Composition
Carriers
League
Diamond
Matchup
PvZ
Spawn Locations
Cross Positions
Add a new tag
Caveats
  • Supply blocks, unpowered buildings, or Contaminate may cause inaccurate times.
  • Supply counts are checked every 10 seconds.